 Dungeon Crawl Stone Soup version 0.24.0-123-gd5b16e6ec5 (webtiles) character file.

Game seed: 3001070780622435724, levelgen mode: deterministic

59 Delamore the Chopper (level 4, 0/35 HPs)
             Began as a Formicid Fighter on Jan 10, 2020.
             Succumbed to an adder's poison
             ... on level 2 of the Dungeon.
             The game lasted 00:01:12 (1321 turns).

Delamore the Chopper (Formicid Fighter)             Turns: 1321, Time: 00:01:12

Health: 0/35       AC: 11    Str: 22    XL:     4   Next: 22%
Magic:  4/4        EV:  4    Int:  7    God:
Gold:   106        SH:  9    Dex: 10    Spells: 3/3 levels left

rFire    . . .     SeeInvis +   a - +0 war axe
rCold    . . .     Gourm    .   c - +0 shield
rNeg     . . .     Faith    .   i - +0 plate armour
rPois    .         Spirit   .   (helmet unavailable)
rElec    .         Reflect  .   (no cloak)
rCorr    .         Harm     .   (no gloves)
MR       .....                  (no boots)
Stlth    ..........             g - amulet of inaccuracy (curse)
HPRegen  0.11/turn              (no ring)
MPRegen  0.09/turn              (no ring)

@: lethally poisoned (0 -> -3)
A: permanent stasis, dig shafts and tunnels, four strong arms, antennae 3
a: Dig, Shaft Self


You were on level 2 of the Dungeon.
You were not hungry.

You visited 1 branch of the dungeon, and saw 2 of its levels.

You collected 106 gold pieces.

Inventory:

Hand Weapons
 a - a +0 war axe (weapon)
Armour
 b - a +0 scale mail
 c - a +0 shield (worn)
 i - a +0 plate armour (worn)
Jewellery
 g - a cursed amulet of inaccuracy (around neck)
Scrolls
 e - a scroll of identify
Potions
 d - a potion of might
 h - a potion of heal wounds
Comestibles
 f - 7 rations


   Skills:
 - Level 3.2 Fighting
 + Level 4.2 Axes
 - Level 3.2 Armour
 - Level 3.6 Shields


You had 3 spell levels left.
You didn't know any spells.
Your spell library was empty.

Dungeon Overview and Level Annotations

Branches:
Dungeon (2/15)

Altars:


Innate Abilities, Weirdness & Mutations

You cannot be hasted, slowed, berserked, paralysed or teleported.
You can dig through walls and to a lower floor.
Your four strong arms can wield two-handed weapons with a shield.
You have a pair of large antennae on your head. (SInv)


Message History

The adder is almost dead.
You block the adder's attack. x2
You barely miss the adder.
The adder is almost dead.
* * * LOW HITPOINT WARNING * * *
You feel sick. The adder bites you.
* * * LOW HITPOINT WARNING * * *
You barely miss the adder.
The adder is almost dead.
You block the adder's attack. The adder barely misses you.
You slash the adder!
You kill the adder!
* * * LOW HITPOINT WARNING * * *
You feel sick. The kobold hits you but does no damage.
You closely miss the kobold. You block the kobold's attack.
Your plate armour prevents you from hitting the kobold.
The kobold hits you but does no damage.
You slash the kobold!
You kill the kobold!
You die...

### #
##########.### .
>............# #
#.#####<##.#.# #
#.# #.##.#.# # #.#
#.##.#@# # #.#
#.##.#)# #####.#
#.##.#.#
......#####.##.#.#
..........#.##>#.#
#########.#.# #.#
# ###.#.# #.#
#######...#.# #..
............# .#


There were no monsters in sight!

Vanquished Creatures
  3 adders (D:2)
  2 leopard geckos
  2 bats
  3 giant cockroaches
  A hobgoblin (D:1)
  6 kobolds
  A frilled lizard (D:1)
  7 goblins
  3 rats
28 creatures vanquished.

Notes
Turn   | Place    | Note
-------+----------+-------------------------------------------
     0 | D:1      | Delamore the Formicid Fighter began the quest for the Orb.
     0 | D:1      | Reached XP level 1. HP: 18/18 MP: 1/1
    91 | D:1      | Reached XP level 2. HP: 24/24 MP: 2/2
   250 | D:1      | Reached skill level 3 in Axes
   792 | D:1      | Reached XP level 3. HP: 29/29 MP: 3/3
  1246 | D:2      | Reached skill level 4 in Axes
  1246 | D:2      | Reached XP level 4. HP: 25/35 MP: 4/4
  1316 | D:2      | HP: 1/35 [adder (2)]
  1321 | D:2      | Succumbed to an adder's poison

Levels and vault maps discovered:
D:1:      psy_arrival_heroes, layout_basic, chequers_serial_rivers_room_b,
          minmay_split_cup_large
D:2:      layout_loops_ring, first_ration

Skill      XL: |  1  2  3 |
---------------+----------+-----
Axes           | 3 4 |  4.2
Fighting       | |  3.2
Armour         | |  3.2
Shields        | |  3.6

Action                   |  1- 3 |  4- 6 || total
-------------------------+-------+-------++-------
Melee: War axe           |   218 |    44 ||   262
  Use: Scroll            |     1 |       ||     1
  Eat: Chunk             |     2 |       ||     2
Armor: Scale mail        |    30 |       ||    30
       Plate armour      |   103 |    32 ||   135
Dodge: Dodged            |    59 |     7 ||    66
Block: Shield            |   135 |    24 ||   159
